 Dungeon Crawl Stone Soup version 0.27.1 (webtiles) character file.

Game seed: 11010143358400021462

14 Descartes the Sneak (level 2, -2/14 HPs)
             Began as a Felid Delver on Sept 3, 2021.
             Slain by a gnoll (3 damage)
             ... on level 5 of the Dungeon.
             The game lasted 00:00:38 (88 turns).

Descartes the Sneak (Felid Delver)                    Turns: 88, Time: 00:00:39

Health: -2/14      AC:  1    Str:  8    XL:     2   Next: 27%
Magic:  3/3        EV: 18    Int: 11    God:
Gold:   14         SH:  0    Dex: 17    Spells: 1/1 levels left
                                        Lives:  0   Deaths: 0

rFire    . . .     SeeInvis +     - Unarmed
rCold    . . .     Faith    .   (shield unavailable)
rNeg     . . .     Spirit   .   (armour unavailable)
rPois    .         Reflect  .   (helmet unavailable)
rElec    .         Harm     .   (cloak unavailable)
rCorr    .         Rampage  .   (gloves unavailable)
Will     .....                  (boots unavailable)
Stlth    ++++......             (no amulet)
HPRegen  0.04/turn              (no ring)
MPRegen  0.08/turn              (no ring)

@: quick
A: very small, claws 1, fangs 3, see invisible, speed 1, shaggy fur 1, stealthy
paws, no weapons or thrown items, no armour, multi-lived
a: no special abilities


You were on level 5 of the Dungeon.
You visited 1 branch of the dungeon, and saw 1 of its levels.

You collected 14 gold pieces.

Inventory:

Wands
 e - a wand of digging (3)
Scrolls
 a - a scroll of fog
 b - a scroll of magic mapping
 c - a scroll of fear
Potions
 d - a potion of haste
 f - a potion of degeneration {unknown}


   Skills:
 - Level 3.0 Fighting
 + Level 3.0 Dodging
 * Level 6.9 Stealth
 + Level 2.2 Unarmed Combat
 + Level 0.7 Evocations


You had one spell level left.
You didn't know any spells.
Your spell library was empty.

Dungeon Overview and Level Annotations

Branches:
Dungeon (5/15)
 Temple: D:4-7

Altars:


Innate Abilities, Weirdness & Mutations

You have sharp claws.
You have razor-sharp teeth.
You have supernaturally acute eyesight. (SInv)
You cover ground quickly. (Speed+)
You are covered in fur. (AC +1)
Your paws help you pounce on unaware monsters.
You are incapable of wielding weapons or throwing items.
You cannot wear armour.
You gain extra lives every three experience levels.


Message History

There is an open door here.
You close the door.
A hound zombie comes into view.
Found a buckler.
Found a murky pink potion.
The helpless hound zombie fails to defend itself.
You mangle the hound zombie!!
You destroy the hound zombie!
Your Dodging skill increases to level 3!
You have reached level 2!
f - a murky pink potion A gnoll comes into view.
It is wielding a +0 spear.
A gnoll shaman comes into view. It is wielding a +0 club.
A gnoll comes into view. It is wielding a +0 whip.
The gnoll shouts!
An orc comes into view. It is wielding a +0 flail.
A gnoll comes into view. It is wielding a +0 vampiric whip.
The gnoll shouts!
The gnoll shaman shouts!
The gnoll misses you.
You open the door. The gnoll completely misses you.
Found 20 arrows.
There is an open door here.
The gnoll shaman calls upon its god to speed up the gnoll.
The gnoll seems to speed up.
You open the door.
The gnoll hits you from afar with a +0 spear!
Ouch! That really hurt!
The gnoll closely misses you. x2
There is an open door here.
You scratch the gnoll but do no damage. The gnoll barely misses you.
The gnoll closely misses you.
You barely miss the gnoll. The gnoll misses you.
The gnoll completely misses you. The gnoll misses you.
You scratch the gnoll.
The gnoll is moderately wounded.
The gnoll hits you from afar with a +0 spear.
* * * LOW HITPOINT WARNING * * *
The gnoll completely misses you.
The gnoll hits you with a +0 vampiric whip.
You die...

#......# #......#
###### #......#
##....## #[.....#
#......# #......#
#......# #......#
#......# #......#
#......# #......#
#...g..#
#.....#######@#### #
#.....##..###gg###.#.
#......#....go.......
#......#..(..........
#......#.......##..##
#......'.......# ..#
#.....#######......#
#.....# #......#
#....g# +..##..#


You could see a gnoll shaman, 3 gnolls and an orc.

Vanquished Creatures
  A hound zombie (D:5)
1 creature vanquished.

Notes
Turn   | Place    | Note
-------+----------+-------------------------------------------
     0 | D:5      | Descartes the Felid Delver began the quest for the Orb.
     0 | D:5      | Reached XP level 1. HP: 10/10 MP: 2/2
    11 | D:5      | Noticed a scorpion
    56 | D:5      | Reached XP level 2. HP: 14/14 MP: 3/3
    88 | D:5      | Slain by a gnoll

Illustrated notes

Levels and vault maps discovered:
D:5:      layout_gridville, nicolae_uskayaw_dance_hall,
          minmay_temple_entry_fiery, minmay_crystal_water

Skill      XL: |  1 |
---------------+----+-----
Dodging        | 3 |  3.0
Fighting       | |  3.0
Stealth        | |  6.9
Unarmed Combat | |  2.2
Evocations     | |  0.7

Action                   || total
-------------------------++-------
Melee: Unarmed           ||     4
 Stab: Sleeping          ||     1
Dodge: Dodged            ||    10
